 Dungeon Crawl Stone Soup version 0.30-a0-585-g93115170b9 (webtiles) character file.

Game seed: 4417119684279270468

7 sokol815 the Sneak (level 2, -1/19 HPs)
             Began as an Octopode Brigand on Jan 3, 2023.
             Slain by a jackal (2 damage)
             ... on level 1 of the Dungeon.
             The game lasted 00:00:18 (79 turns).

sokol815 the Sneak (Octopode Brigand)                 Turns: 79, Time: 00:00:19

Health: -1/19      AC:  1    Str: 10    XL:     2   Next: 4%
Magic:  2/2        EV: 12    Int: 13    God:
Gold:   0          SH:  0    Dex: 13    Spells: 1/1 levels left

rFire   . . .      SeeInvis .    a - +2 dagger
rCold   . . .      Faith    .    (no shield)
rNeg    . . .      Spirit   .    (helmet restricted)
rPois   .          Reflect  .    (no amulet)
rElec   .          Harm     .    (no ring)
rCorr   .          Rampage  .    (no ring)
Will    .....                    (no ring)
Stlth   ++++                     (no ring)
HPRegen 0.23/turn                (no ring)
MPRegen 0.08/turn                (no ring)
                                 (no ring)
                                 (no ring)

@: no status effects
A: almost no armour, amphibious, 8 rings, camouflage 1, gelatinous body 1,
(nimble swimmer 1), tentacles
a: no special abilities


You were on level 1 of the Dungeon.
You visited 1 branch of the dungeon, and saw 1 of its levels.

Inventory:

Hand Weapons
 a - a +2 dagger (weapon)
Missiles
 b - 9 poisoned darts
 c - 3 curare-tipped darts


   Skills:
 - Level 2.0 Fighting
 + Level 2.7 Short Blades
 - Level 2.0 Throwing
 - Level 1.0 Dodging
 - Level 5.3 Stealth


You had one spell level left.
You didn't know any spells.
Your spell library was empty.

Dungeon Overview and Level Annotations

Branches:
Dungeon (1/15) Zot: 5921

Altars:


Innate Abilities, Weirdness & Mutations

You cannot wear most types of armour.
You are amphibious.
You can wear up to eight rings at the same time.
Your skin changes colour to match your surroundings (Stealth+).
Your rubbery body absorbs attacks. (AC +1, EV +1)
((You are camouflaged when in or above water. (Stealth+)))
You have tentacles for arms and can constrict up to eight enemies at once.


Message History

Bad channel name for runrest: 'Jiyva says: Divide and consume' Welcome, sokol815 the Octopode Brigand.
It is said that the Orb of Zot exists deep within this dungeon.
Found a stone and a leather armour.
Found a staircase leading out of the dungeon.
s - a stone (quivered)
You open the door.
There is an open door here.
A giant cockroach comes into view.
You throw a stone.
The stone closely misses the giant cockroach.
The giant cockroach misses you.
You hit the giant cockroach. You grab the giant cockroach.
You constrict the giant cockroach. The giant cockroach barely misses you.
You hit the giant cockroach. You constrict the giant cockroach.
You kill the giant cockroach!
No target in view!
No target in view!
You see here a giant cockroach corpse.
A kobold comes into view. It is wielding a +0 short sword.
Found an escape hatch in the floor.
The kobold shouts!
The kobold misses you.
You hit the kobold but do no damage. Your grab misses the kobold.
You squeeze the kobold.
You kill the kobold!
No target in view!
No target in view!
A rat comes into view.
You see here a +0 scale mail.
A rat is nearby!
An endoplasm comes into view.
You closely miss the rat. Your grab misses the rat.
Your squeeze misses the rat. The rat barely misses you.
You hit the endoplasm but do no damage. The rat barely misses you.
The endoplasm freezes you.
You are frozen.
You take 1 damage, and have 13/14 hp.
You hit the endoplasm. You squeeze the endoplasm.
You kill the endoplasm!
The rat closely misses you.
You hit the rat. You grab the rat. You constrict the rat.
You kill the rat!
No target in view!
No target in view!
There is an escape hatch in the floor here.
A ball python, a hobgoblin and 2 jackals come into view.
Health restored: 14 A jackal comes into view.
Found a stone staircase leading down.
You see here a staff of air {rElec}.
The jackal barks!
The jackal bites you.
You take 1 damage, and have 13/14 hp.
The hobgoblin shouts!
You hit the jackal. Your grab misses the jackal. The jackal closely misses you.
You closely miss the jackal. Your grab misses the jackal.
You squeeze the jackal.
You kill the jackal!
You hit the ball python. Your grab misses the ball python.
Your squeeze misses the ball python. The ball python bites you.
The ball python grabs you. The ball python constricts you.
You take 2 damage, and have 11/14 hp.
You closely miss the ball python. You grab the ball python.
You squeeze the ball python.
You kill the ball python!
The jackal bites you. x2
You take 3 damage, and have 8/14 hp.
MASSIVE DAMAGE!!
You are too injured to fight recklessly!
You barely miss the jackal. Your grab misses the jackal.
The jackal barely misses you. The jackal closely misses you.
You hit the jackal. Your grab misses the jackal. The jackal barely misses you.
The jackal bites you.
You take 1 damage, and have 7/14 hp.
You hit the jackal but do no damage. You grab the jackal.
You constrict the jackal, but do no damage.
The jackal barely misses you. x2; The hobgoblin hits you.
You take 2 damage, and have 5/14 hp.
You hit the jackal. You squeeze the jackal.
You kill the jackal!
The jackal bites you.
* * * LOW HITPOINT WARNING * * *
The hobgoblin hits you.
* * * LOW HITPOINT WARNING * * *
You have reached level 2!
You take 4 damage, and have 1/19 hp.
MASSIVE DAMAGE!!
MP restored: 2 You barely miss the hobgoblin.
Your grab misses the hobgoblin. The jackal misses you. The jackal bites you.
You die...

#.... # .# #.... ## ...
#.... #. ...## #..# ###.
#.... ######.# ####...
.>(... .......###......
......######.).##.......
......g.................
.....$†@|.>.............
......h.......##[.).....
...##.....###...........
. ....###.# ###.........
###. ... ###.$..... ##
##.#. ##...... #...#
##..### ##. . #.# .#


You could see a jackal and a hobgoblin.

Vanquished Creatures
  An endoplasm (D:1)
  A giant cockroach (D:1)
  2 jackals (D:1)
  A ball python (D:1)
  A kobold (D:1)
  A rat (D:1)
7 creatures vanquished.

Notes
Turn   | Place    | Note
-------+----------+-------------------------------------------
     0 | D:1      | sokol815 the Octopode Brigand began the quest for the Orb.
     0 | D:1      | Reached XP level 1. HP: 14/14 MP: 1/1
    78 | D:1      | HP: 3/14 [jackal (3)]
    78 | D:1      | HP: 1/14 [hobgoblin (2)]
    79 | D:1      | Reached XP level 2. HP: 1/19 MP: 2/2
    79 | D:1      | Slain by a jackal

Illustrated notes

Levels and vault maps discovered:
D:1:      ncdulo_lavacross, layout_rooms

Action                   || total
-------------------------++-------
Melee: Dagger            ||    16
       Tentacles         ||     5
       Constrict         ||     4
Throw: Stone             ||     1
Dodge: Dodged            ||    13

Table legend: (Time is in decaauts)
 A = Elapsed time spent in this place.
 B = Non-inter-level travel time spent in this place.
 C = Inter-level travel time spent in this place.
 D = Time resting spent in this place.
 E = Time spent auto-exploring this place.
 F = Levels seen in this place.
 G = Mean time per level.
                   A        B        C        D        E       F      G
               +--------+--------+--------+--------+--------+-----+--------+
         Total |     77 |     77 |      0 |      0 |     49 |   1 |   77.0 |
       Dungeon |     77 |     77 |      0 |      0 |     49 |   1 |   77.0 |
               +--------+--------+--------+--------+--------+-----+--------+

Top non-repeatable levels by time:
     D:1: 77 daAuts

Table legend:
 A = Kills in this place as a percentage of kills in entire the game.
 B = Kills by you in this place as a percentage of kills by you in the entire game.
 C = Kills by friends in this place as a percentage of kills by friends in the entire game.
 D = Other kills in this place as a percentage of other kills in the entire game.
 E = Experience gained in this place as a percentage of experience gained in the entire game.
 F = Experience gained in this place divided by the number of levels of this place that you have seen.
                   A       B       C       D       E      F
               +-------+-------+-------+-------+-------+----------------------
         Total | 100.0 | 100.0 |   N/A |   N/A | 100.0 |  11.0
       Dungeon | 100.0 | 100.0 |   N/A |   N/A | 100.0 |  11.0
               +-------+-------+-------+-------+-------+----------------------
